 Dungeon Crawl Stone Soup version 0.24-a0-479-g9a978d2894 (webtiles) character file.

Game seed: 15518057040567849980

469 Gargoyl the Skirmisher (level 6, -3/52 HPs)
             Began as a Centaur Abyssal Knight on July 5, 2019.
             Was a Believer of Lugonu.
             Killed from afar by an electric eel (9 damage)
             ... with a bolt of electricity
             ... on level 4 of the Dungeon on July 6, 2019.
             The game lasted 00:07:03 (3824 turns).

Gargoyl the Skirmisher (Centaur Abyssal Knight)     Turns: 3824, Time: 00:07:04

Health: -3/52      AC: 14    Str: 16    XL:     6   Next: 82%
Magic:  8/8        EV:  4    Int: 11    God:    Lugonu [**....]
Gold:   88         SH:  6    Dex: 12    Spells: 5/5 levels left

rFire    . . .     SeeInvis .   a - +3 hand axe (flame)
rCold    . . .     Gourm    .   s - +3 buckler {AC+3}
rNeg     . . .     Faith    .   j - +0 plate armour
rPois    .         Spirit   .   (no helmet)
rElec    .         Reflect  .   (no cloak)
rCorr    .         Harm     .   (no gloves)
MR       .....                  (no barding)
Stlth    ..........             (no amulet)
HPRegen  0.17/turn              f - +3 ring of dexterity
MPRegen  0.11/turn              l - +2 ring of strength

@: very slightly contaminated, very quick
A: large, hooves 3, iridescent scales 1, blink, deformed body, speed 2, tough
skin 3, weak 1, wild magic 1, sturdy frame 1
a: Blink, Depart the Abyss, Bend Space, Renounce Religion


You were on level 4 of the Dungeon.
You worshipped Lugonu.
Lugonu was pleased with you.
You were not hungry.

You visited 1 branch of the dungeon, and saw 4 of its levels.
You visited the Abyss 1 time.

You collected 398 gold pieces.
You spent 310 gold pieces at shops.

Inventory:

Hand Weapons
 a - a +3 hand axe of flaming (weapon)
Armour
 j - a +0 plate armour (worn)
 s - a +3 buckler of protection (worn)
Jewellery
 f - a +3 ring of dexterity (left hand)
 l - a +2 ring of strength (right hand)
Wands
 d - a wand of iceblast (1)
 k - a wand of flame (8)
Scrolls
 i - 2 scrolls of identify
Potions
 b - 2 potions of curing
 g - a potion of flight {unknown}
 m - 2 potions of degeneration {unknown}
 o - a potion of might {unknown}
 q - a potion of cancellation {unknown}
Comestibles
 c - 12 rations


   Skills:
 + Level 4.0 Fighting
 + Level 3.8 Axes
 * Level 3.2 Armour
 * Level 2.0 Dodging
 * Level 3.4 Invocations


You had 5 spell levels left.
You didn't know any spells.
Your spell library contained the following spells:

 Spells                   Type           Power        Failure   Level  Hunger
 Magic Dart               Conj           #...         100%        1    ##.....
 Blink                    Tloc           N/A          100%        2    ###....
 Call Imp                 Summ           #.......     100%        2    ###....
 Slow                     Hex            #.......     100%        2    ###....
 Conjure Flame            Conj/Fire      #.......     100%        3    ####...
 Mephitic Cloud           Conj/Pois/Air  #.......     100%        3    ####...


Dungeon Overview and Level Annotations

Branches:
Dungeon (4/15)             Temple (0/1) D:4

Altars:
Makhleb
Sif Muna
Trog
Vehumet

Shops:
D:4 =?

Annotations:
D:4 1 transporter


Innate Abilities, Weirdness & Mutations

You have hooves in place of feet.
Armour fits poorly on your strangely shaped body.
You cover ground very quickly.
You have extremely tough skin. (AC +3)
You are partially covered in iridescent scales. (AC +2)
You can translocate small distances at will.
You are weak. (Str -2)
Your spells are a little harder to cast, but a little more powerful.
Your movements are slightly less encumbered by armour. (ER -2)


Message History

The electric eel shoots out a bolt of lightning at you!
The bolt of electricity hits you!
* * * LOW HITPOINT WARNING * * *
The bolt of electricity hits the plant.
The bolt of electricity hits the plant!
Unknown command.
There is a transporter landing site here.
The electric eel shoots out a bolt of lightning at you!
The bolt of electricity hits you but does no damage.
The bolt of electricity hits you.
* * * LOW HITPOINT WARNING * * *
Blink to where?
Press: ? - help, Dir - move target cursor, p - electric eel You are very lightly contaminated with residual magic.
As you read the scroll of blinking, it crumbles to dust.
The electric eel shoots out a bolt of lightning at you!
The bolt of electricity hits you.
* * * LOW HITPOINT WARNING * * *
The electric eel shoots out a bolt of lightning at you!
The bolt of electricity hits you!
You die...

####...#####.###........#.#....
#.......##...# #...###.........
#.###........###.######........
#.####............#..###.......
#.#............................
#.#.###############............
#.#.#8P#≈;≈;≈≈≈#P8#...........(
#...#..#.......#..#.....##.....
#..©#©.'...⌠..@+$©#©..>###.....
##..#..#.......#..#....###.[...
##.#8P#;≈≈≈≈≈≈#P8#......#...##
#.###############.........##.
#............................
######.....###...............
##......##................
##..#+#..#........^..#...##
###...'∩+...........#.##...##


You could see 3 electric eels.

Vanquished Creatures
  Sigmund (D:2)
  A centaur skeleton (D:4)
  Ijyb (D:3)
  Terence (D:2)
  2 worker ants (D:4)
  7 gnolls
  3 adders
  A shadow imp (Abyss:2)
  2 oozes
  2 worms (D:2)
  A dart slug (D:3)
  8 leopard geckos
  4 orcs (D:3)
  A ball python (D:2)
  2 bats
  2 giant cockroaches (D:3)
  5 goblins
  6 hobgoblins
  7 kobolds
  2 quokkas (D:3)
  7 frilled lizards
  9 rats
75 creatures vanquished.

Vanquished Creatures (others)
  A wizard (D:3)
  A kobold (D:3)
2 creatures vanquished.

Grand Total: 77 creatures vanquished

Notes
Turn   | Place    | Note
-------+----------+-------------------------------------------
     0 | Abyss:1  | Gargoyl the Centaur Abyssal Knight began the quest for the
                  | Orb.
     0 | Abyss:1  | Reached XP level 1. HP: 19/19 MP: 2/2
   121 | Abyss:2  | Noticed a large abomination
   135 | Abyss:2  | Noticed a blizzard demon
   147 | Abyss:2  | Noticed a large abomination
   161 | D:1      | Escaped the Abyss
   196 | D:1      | Reached XP level 2. HP: 23/26 MP: 3/3
   283 | D:1      | Reached * piety under Lugonu
   449 | D:1      | Reached skill level 1 in Dodging
   537 | D:1      | Reached XP level 3. HP: 21/31 MP: 4/4
  1081 | D:2      | Noticed Terence
  1101 | D:2      | Killed Terence
  1101 | D:2      | Reached XP level 4. HP: 33/38 MP: 5/5
  1127 | D:2      | Reached ** piety under Lugonu
  1660 | D:2      | Found a deep blue altar of Sif Muna.
  1660 | D:2      | Found a radiant altar of Vehumet.
  1693 | D:2      | Noticed Sigmund
  1711 | D:2      | Killed Sigmund
  1711 | D:2      | Reached XP level 5. HP: 8/46 MP: 5/7
  1711 | D:2      | Reached XP level 6. HP: 9/52 MP: 5/8
  2028 | D:3      | Gained mutation: Your spells are a little easier to cast,
                  | but a little less powerful. [potion of mutation]
  2028 | D:3      | Gained mutation: Scrolls take you a little longer to read.
                  | [potion of mutation]
  2028 | D:3      | Gained mutation: You expend magic power (3 MP) to
                  | strengthen your wands. [potion of mutation]
  2028 | D:3      | Gained mutation: Your movements are slightly less
                  | encumbered by armour. (ER -2) [potion of mutation]
  2668 | D:3      | Noticed Ijyb
  2682 | D:3      | Killed Ijyb
  2876 | D:3      | Upgraded the game from 0.24-a0-474-g47c397e050 to
                  | 0.24-a0-479-g9a978d2894
  2948 | D:3      | Found a bloodstained altar of Trog.
  2949 | D:3      | Noticed a wizard
  2954 | D:3      | Killed a wizard
  3158 | D:4      | Reached skill level 4 in Fighting
  3202 | D:4      | Found a staircase to the Ecumenical Temple.
  3403 | D:4      | Found a transporter.
  3433 | D:4      | Lost mutation: Scrolls take you a little longer to read.
                  | [potion of mutation]
  3433 | D:4      | Lost mutation: You expend magic power (3 MP) to strengthen
                  | your wands. [potion of mutation]
  3433 | D:4      | Lost mutation: Your spells are a little easier to cast, but
                  | a little less powerful. [potion of mutation]
  3433 | D:4      | Gained mutation: You are partially covered in iridescent
                  | scales. (AC +2) [potion of mutation]
  3433 | D:4      | Gained mutation: Your spells are a little harder to cast,
                  | but a little more powerful. [potion of mutation]
  3433 | D:4      | Gained mutation: You are weak. (Str -2) [potion of
                  | mutation]
  3433 | D:4      | Gained mutation: You can translocate small distances at
                  | will. [potion of mutation]
  3451 | D:4      | Found a transporter.
  3647 | D:4      | Found a burning altar of Makhleb.
  3647 | D:4      | Noticed a green death
  3650 | D:4      | Noticed an orange demon
  3650 | D:4      | Noticed a ynoxinul
  3693 | D:4      | Found Vupn's Magic Scroll Boutique.
  3696 | D:4      | Bought a scroll of brand weapon for 220 gold pieces
  3791 | D:4      | Found Zeolyd's Jewellery Emporium.
  3794 | D:4      | Bought a +2 ring of strength for 90 gold pieces
  3824 | D:4      | Killed from afar by an electric eel

Levels and vault maps discovered:
D:1:      psy_arrival_spokes, layout_basic, minmay_pentomino_r2
D:2:      layout_rooms, gammafunk_temple_overflow_wave, serial_bayou_lagoon_a,
          uniq_terence, uniq_sigmund
D:3:      layout_rooms, trog_wizard, uniq_ijyb
D:4:      gammafunk_steamed_eel, layout_cave_pools, makhleb_altar_promises_db,
          minmay_temple_entry_offerings, serial_shops, kennysheep_mini,
          nicolae_shop_crystal, first_ration

Skill      XL: |  1  2  3  4  5  6 |
---------------+-------------------+-----
Axes           | 2 3 |  3.8
Dodging        | 1 2 |  2.0
Armour         | 2 3 |  3.2
Invocations    | 3 |  3.4
Fighting       | 4 |  4.0

Action                   |  1- 3 |  4- 6 || total
-------------------------+-------+-------++-------
Melee: Hand axe          |   109 |   165 ||   274
       Kick              |    19 |    45 ||    64
Invok: Depart the Abyss  |     1 |       ||     1
Evoke: Wand              |       |     1 ||     1
  Use: Scroll            |     4 |    12 ||    16
       Potion            |     1 |     5 ||     6
  Eat: Chunk             |       |     8 ||     8
Armor: Leather armour    |    12 |       ||    12
       Plate armour      |    84 |   120 ||   204
       Skin              |       |    10 ||    10
Dodge: Dodged            |    14 |    28 ||    42

Table legend:
 A = Non-vault XP
 B = Vault XP
 C = Vault XP percentage of total XP
 D = Non-vault monster count
 E = Vault monster count
 F = Vault count percentage of total count
                 A         B        C        D         E       F
            +---------+---------+-------+---------+---------+-------
      Total |     384 |     286 |  42.7 |      70 |       5 |   6.7
            +---------+---------+-------+---------+---------+-------
        D:1 |      41 |       2 |   4.7 |      19 |       2 |   9.5
        D:2 |      80 |     248 |  75.6 |      20 |       2 |   9.1
        D:3 |     123 |      36 |  22.6 |      22 |       1 |   4.3
        D:4 |     129 |       0 |   0.0 |       8 |       0 |   0.0
    Abyss:2 |      11 |       0 |   0.0 |       1 |       0 |   0.0
            +---------+---------+-------+---------+---------+-------
